[Event "Slovakia Open 2022"]
[Site "Bratislava"]
[Date "2022.10.01"]
[Round "6.5"]
[White "Yankelevich, Lev"]
[Black "Nestorenko, Dmitry"]
[Result "1/2-1/2"]
[ECO "D15"]
[WhiteElo "2484"]
[BlackElo "2168"]
[Annotator "TA"]
[PlyCount "93"]
[EventDate "2022.09.30"]
[EventCountry "SVK"]
[SourceTitle "playchess.com"]
[Source "ChessBase"]
[SourceQuality "1"]
[TimeControl "2700+10"]

1. Nf3 Nf6 2. c4 c6 3. d4 d5 4. Nc3 Bg4 5. cxd5 Nxd5 6. Qb3 {[%emt 0:01:24] D15: Slav Defence: 4 Nc3 a6 and gambit lines after 4 Nc3 dxc4.} (6. Ne5 $16 Be6 7. e4 Nxc3 8. bxc3) 6... Qb6 7. Nxd5 Qxb3 8. axb3 {[%emt 0:02:11] White is slightly better.} (8. Nc7+ {is more complex.} Kd7 9. Ne5+ Kxc7 10. axb3 Be6 11. Bf4) 8... cxd5 9. Ne5 Bd7 10. e3 {[%emt 0:00:31] [#]} Nc6 $146 ({Predecessor:} 10... e6 11. Bd2 a6 12. Be2 Bd6 13. Nd3 O-O 14. O-O Nc6 15. b4 Rfe8 16. Rfc1 g6 {1-0 (47) Mataraci,O (1658)-Toren,K (1400) Manavgat 2016}) 11. Nxd7 Kxd7 12. Bb5 e6 13. Bd2 a6 14. Ke2 Rc8 15. Bd3 Bd6 16. Rac1 h6 17. h3 Nb4 18. Bb1 Rc6 19. Rxc6 Nxc6 20. Rc1 Re8 21. g4 e5 22. Bf5+ Kc7 {[%emt 0:00:10] [#]} (22... Ke7 $11) 23. dxe5 {[%emt 0:01:10] White is more active.} (23. Ba5+ $1 $16 Kb8 24. Bd7) 23... Bxe5 $11 24. Rc2 Kd6 25. Kf1 Bf6 26. Bd3 g6 27. Kg2 Kd7 28. f4 Bg7 29. Kf3 Bf6 30. Bf1 Rc8 {[%emt 0:01:39][%cal Oc6e5] And now ...Ne5+! would win.} 31. Kg3 Ne7 32. Rxc8 Nxc8 {[%emt 0:00:01][%mdl 4096] Endgame KBB-KBN} 33. Bc1 (33. Bg2 $5 Ne7 34. Bb4 $11) 33... Nd6 34. Bd3 Kc6 35. h4 (35. b4 $15) 35... Ne4+ $19 36. Kf3 Nc5 ({Worse is} 36... Bxh4 37. Bxe4 dxe4+ 38. Kxe4 $17) 37. Bc2 Bxh4 38. b4 {[%emt 0:00:09] [#]} Ne6 ({Black should play} 38... Ne4 $1 {...f5 is the strong threat.} 39. Bxe4 dxe4+ 40. Kxe4 Be1) 39. f5 ({White should try} 39. Bd2) 39... gxf5 40. gxf5 Nc7 ({Better is} 40... Nd8 $17 41. Bd2 Kd6) 41. e4 $11 Bf6 42. Bxh6 Bxb2 43. Bb3 dxe4+ 44. Kxe4 f6 45. Bf4 (45. Ba4+ $11 Nb5 46. Kd3) 45... Bc3 $17 46. Bxc7 Kxc7 47. b5 {[%emt 0:00:02] And White is the lucky defender.  Weighted Error Value: White=0.20 (precise) /Black=0.18 (very precise)} 1/2-1/2

[Event "Slovakia Open 2022"]
[Site "Bratislava"]
[Date "2022.10.01"]
[Round "6.6"]
[White "Kushko, Dmitriy"]
[Black "Novosadova, Kristyna"]
[Result "1-0"]
[ECO "A05"]
[WhiteElo "2302"]
[BlackElo "2151"]
[Annotator "TA"]
[PlyCount "71"]
[EventDate "2022.09.30"]
[EventCountry "SVK"]
[SourceTitle "playchess.com"]
[Source "ChessBase"]
[SourceQuality "1"]
[TimeControl "2700+10"]

1. g3 d5 2. Nf3 Nf6 3. Bg2 g6 4. b3 Bg7 5. Bb2 c5 6. c4 d4 {[%emt 0:00:10] A05: Réti Opening: 1 Nf3 Nf6.} 7. b4 Nc6 8. bxc5 e5 {[%emt 0:00:02] The position is equal.} 9. d3 O-O 10. Nbd2 {[%emt 0:00:54] Against e4} Nd7 11. Nb3 f5 12. O-O {[%emt 0:00:29] [#]} g5 $146 (12... Qe7 $11 {keeps the balance.}) ({Predecessor:} 12... Re8 13. e3 dxe3 14. fxe3 Na5 15. Nxa5 Qxa5 16. Ng5 Nxc5 17. d4 Ne6 18. Nxe6 Bxe6 {1-0 (34) Hombrecher,K (1804)-Finke,D (1999) Nordrheinwestfalen 2019}) 13. e3 dxe3 14. fxe3 a5 {[%emt 0:00:28] [#]} 15. a4 $1 {[%emt 0:01:05] White is more active.} Qe7 16. d4 e4 17. Ne1 Ra6 18. Qd2 (18. Nc2 $142) 18... g4 19. Nc2 Qg5 20. Bc3 h5 21. Nxa5 ({White should try} 21. Rab1 $18) 21... Nxa5 (21... Nxc5 $16 22. Rfb1 (22. dxc5 Rd8 $11) (22. Nxc6 Nb3 $15) 22... Nxa5 23. Bxa5 (23. dxc5 Rd8 $11) 23... Nd3) 22. Bxa5 $18 h4 23. gxh4 Qxh4 {[%emt 0:00:21] [#]} 24. Bc7 $1 Rh6 25. Bf4 {[%emt 0:01:52] Prevents Ne5.} Rh7 26. Nb4 Nf6 27. Qf2 Qh5 28. Nd5 Bh6 29. Qg3 Ne8 30. Rab1 Bg5 31. Bxg5 Qxg5 32. Rb6 Ng7 {[%emt 0:00:12] [#]} (32... Rhf7 $142 33. h4 Qg7) 33. Rg6 $3 {[%emt 0:00:30][%mdl 512] White is clearly winning.} Qd8 34. Qe5 Kf7 35. Rf6+ Kg8 36. Ne7+ {[%emt 0:00:02] Weighted Error Value: White=0.10 (very precise) /Black=0.33} 1-0

[Event "Slovakia Open 2022"]
[Site "Bratislava"]
[Date "2022.10.01"]
[Round "6.7"]
[White "Sobek, Michal"]
[Black "Mikrut, Dariusz"]
[Result "0-1"]
[ECO "B27"]
[WhiteElo "2156"]
[BlackElo "2316"]
[Annotator "TA"]
[PlyCount "56"]
[EventDate "2022.09.30"]
[EventCountry "SVK"]
[SourceTitle "playchess.com"]
[Source "ChessBase"]
[SourceQuality "1"]
[TimeControl "2700+10"]

1. e4 c5 2. Nf3 g6 3. d4 cxd4 4. Nxd4 Nf6 5. e5 Qa5+ 6. Nc3 {[%emt 0:00:01] B27: Sicilian: 2 Nf3, unusual Black 2nd moves.} Qxe5+ 7. Be2 {[%emt 0:00:06] [#]} Qc7 $146 (7... Nc6 $17 8. Nb3 Bg7) ({Predecessor:} 7... Nc6 8. Be3 Bg7 9. Qd2 Ne4 10. Nxe4 Nxd4 11. Bxd4 Qxd4 12. Qxd4 Bxd4 13. O-O-O Bg7 {0-1 (44) Carreras Mendiolea,P (1906)-Martha,L (1671) Mexico City 2021}) 8. Be3 (8. Ndb5 $1 $14 Qd8 9. Bg5) 8... Nc6 $15 9. h4 {[%emt 0:00:44] [#]} h5 $1 {[%emt 0:00:27] Black keeps a firm grip on the game.} 10. a4 ({White should try} 10. Ndb5 Qb8 11. g3) 10... Bg7 $17 11. Qd2 d6 12. Bg5 Nxd4 13. Qxd4 O-O 14. Qd2 Be6 15. Bxf6 (15. O-O $17) 15... Bxf6 $19 ({Inferior is} 15... exf6 16. Nb5 Qd8 17. c3 $17) 16. g4 (16. Nb5 $142 Qc5 17. c3) 16... Qc6 (16... Bxg4 $2 17. Nd5 Qd7 18. Nxf6+ exf6 19. f3 $19) 17. Rg1 hxg4 ({And not} 17... Bxh4 18. gxh5 Kg7 19. Bd3 $11) 18. h5 Rac8 19. hxg6 Bxc3 20. bxc3 Qxc3 21. Qxc3 Rxc3 22. gxf7+ Kxf7 ({Wrong is} 22... Rxf7 $2 23. Bxg4 Bxg4 24. Rxg4+ Kf8 25. Ra2) 23. Bxg4 Bxg4 24. Rxg4 Rxc2 {[%emt 0:00:10] KRR-KRR} 25. Rb1 Rh8 {[%emt 0:00:25] [#] ( -> ...Rh1+)} 26. Rf4+ $2 (26. Kf1 Rh1+ 27. Rg1 Rxg1+ 28. Kxg1) 26... Ke8 {[%emt 0:00:16][%cal Rh8h1] Black is clearly winning.} 27. Kd1 Ra2 28. Re4 b6 {[%emt 0:00:34] Weighted Error Value: White=0.52/Black=0.30} 0-1

[Event "Slovakia Open 2022"]
[Site "Bratislava"]
[Date "2022.10.01"]
[Round "6.8"]
[White "Machata, Martin"]
[Black "Babula, Vlastimil"]
[Result "0-1"]
[ECO "B23"]
[WhiteElo "2212"]
[BlackElo "2574"]
[Annotator "TA"]
[PlyCount "126"]
[EventDate "2022.09.30"]
[EventCountry "SVK"]
[SourceTitle "playchess.com"]
[Source "ChessBase"]
[SourceQuality "1"]
[TimeControl "2700+10"]

1. e4 c5 2. Nc3 Nc6 3. Bb5 Nd4 4. Nf3 a6 5. Bd3 Nc6 6. O-O {[%emt 0:00:06] B23: Closed Sicilian: Lines without g3.} e6 7. Re1 {[%emt 0:00:14] [#]} (7. Be2 $14) 7... Be7 $146 {[%emt 0:00:36] [#]} (7... g5 $11 8. g3 d6) ({Predecessor:} 7... b5 8. Bf1 Qb6 9. a4 b4 10. Nd5 exd5 11. exd5+ Nce7 12. d4 d6 13. a5 Qc7 14. dxc5 Qxc5 {0-1 (63) Svidler,P (2714)-Caruana,F (2820) Paris 2021}) 8. Nd5 $1 $14 {[%emt 0:08:50] White is slightly better.} Bd6 (8... d6 9. Nxe7) 9. e5 (9. b4 $14) 9... Bf8 (9... Nxe5 $2 10. Nxe5 Bxe5 11. Rxe5 $18) (9... Bb8 $5 10. Ne3 Nxe5 $11) 10. Nc3 d6 11. exd6 Bxd6 12. Ne4 Be7 13. b3 Nf6 14. Bb2 b6 15. Ne5 Nxe5 16. Bxe5 Bb7 17. Qf3 Nxe4 18. Bxe4 Bxe4 19. Rxe4 O-O 20. Rg4 f6 (20... g6 {is more complex.} 21. d3 Qd5 22. Qg3 f6) 21. Bc3 Qd5 22. Qg3 (22. Re1 $14 Bd6 23. Qe2) 22... Rf7 $1 $11 23. Re1 Bd6 24. Qh3 Re8 25. Rh4 h6 26. Rh5 f5 27. g4 Rd8 {[%emt 0:07:09] [#]} (27... Ree7 $11) 28. g5 $1 $16 Bf4 (28... Rdd7 $16 {keeps fighting.}) 29. g6 $2 ({Only move:} 29. gxh6 $18 Rdd7 30. hxg7 Rxg7+ 31. Bxg7 Rxg7+ 32. Kf1) 29... Rfd7 30. d3 (30. Qg2 $11 {keeps the balance.}) 30... Qd6 31. Rh4 Bg5 ({Better is} 31... b5 $17) 32. Be5 (32. Rh5 $5 Bf4 33. Kf1 $15) 32... Qe7 33. Rh5 Rd5 34. f4 {[%emt 0:00:04] [#]} (34. Qg2 $11) 34... Rxe5 $1 35. Rxe5 (35. fxe5 {looks sharper.} Rd4 36. Kh1 Rg4 37. Qf3) 35... Bxf4 36. Rhxf5 Bxe5 37. Rxe5 $15 {[%emt 0:00:01][%mdl 4096] Endgame KQR-KQR} Re8 38. Qg4 Qf6 39. Re4 e5 40. Re2 Re6 41. Rg2 e4 42. h4 {[%emt 0:00:04] [#]} (42. Re2 $1 $11) 42... exd3 ({Black should try} 42... e3 $1 $17 {Strongly threatening ...Qa1+.} 43. Re2 Qxg6 44. Qxg6 Rxg6+ 45. Kh2 Re6) 43. cxd3 Re1+ 44. Kh2 Qe5+ 45. Qg3 h5 46. Qxe5 Rxe5 47. Rg5 $2 (47. Kg3 $11) 47... Rxg5 $19 48. hxg5 {[%emt 0:00:02] KP-KP} Kf8 49. Kg3 Ke7 50. Kh4 Ke6 51. Kxh5 Kf5 52. Kh4 Kf4 53. a3 b5 54. a4 Ke3 {[%emt 0:00:37] ( -> ...bxa4)} 55. axb5 axb5 56. Kg4 Kxd3 {[%emt 0:00:02] K3P-K3P} 57. Kf5 c4 58. bxc4 bxc4 {[%emt 0:00:01] KPP-KPP} 59. Ke6 {[%emt 0:00:00] Black mates.} c3 60. Kf7 c2 61. Kxg7 c1=Q 62. Kh7 Qxg5 63. g7 Qh5+ {[%emt 0:00:01] Quite a comeback for Black.  Weighted Error Value: White=0.34/Black=0.19 (very precise)} 0-1

[Event "Slovakia Open 2022"]
[Site "Bratislava"]
[Date "2022.10.01"]
[Round "6.9"]
[White "Kukelko, Alexey"]
[Black "Nytra, Ondrej"]
[Result "1/2-1/2"]
[ECO "C77"]
[WhiteElo "2280"]
[BlackElo "2233"]
[Annotator "TA"]
[PlyCount "24"]
[EventDate "2022.09.30"]
[EventCountry "SVK"]
[SourceTitle "playchess.com"]
[Source "ChessBase"]
[SourceQuality "1"]
[TimeControl "2700+10"]

1. e4 e5 2. Nf3 Nc6 3. Bb5 a6 4. Ba4 Nf6 5. d3 b5 6. Bb3 Be7 {[%emt 0:00:02] The position is equal.} 7. a3 {[%emt 0:00:12] C77: Ruy Lopez: 3...a6 4 Ba4 Nf6, unusual lines.} O-O 8. Nc3 d6 9. h3 Re8 {[%emt 0:00:29] [#]} 10. Ng5 $146 ({Predecessor:} 10. Nd5 Be6 11. Nxf6+ Bxf6 12. c4 Na5 13. Bc2 bxc4 14. Bd2 c5 15. O-O cxd3 16. Ba4 Rf8 17. b4 Nb7 18. Bc6 {0-1 (35) Helfer,F (998)-Bilow,A (1496) Troisdorf 2008}) 10... Rf8 11. Nf3 Re8 12. Ng5 Rf8 {[%emt 0:00:17] An uneventful encounter.  Weighted Error Value: White=0.12 (very precise) /Black=0.03 (flawless)} 1/2-1/2

[Event "Slovakia Open 2022"]
[Site "Bratislava"]
[Date "2022.10.01"]
[Round "6.10"]
[White "Stevik, Patrik"]
[Black "Pasti, Aron"]
[Result "0-1"]
[ECO "B40"]
[WhiteElo "2148"]
[BlackElo "2350"]
[Annotator "TA"]
[PlyCount "73"]
[EventDate "2022.09.30"]
[EventCountry "SVK"]
[SourceTitle "playchess.com"]
[Source "ChessBase"]
[SourceQuality "1"]
[TimeControl "2700+10"]

1. e4 c5 2. Nf3 e6 3. g3 Nc6 4. Bg2 d6 5. O-O Nf6 6. Re1 {[%emt 0:00:23] B40: Sicilian: 2...e6, Unusual lines.} Be7 7. d4 cxd4 8. Nxd4 {[%emt 0:00:02] The position is equal.} e5 {[%emt 0:00:51] [#]} 9. Nxc6 $146 ({Predecessor:} 9. Ne2 O-O 10. Nbc3 Be6 11. h3 Rc8 12. Be3 a6 13. g4 Na5 14. b3 Qc7 15. g5 {0-1 (63) Accattato Martin,M (2251)-Maza Broto,P (2022) Aragon 2017}) 9... bxc6 10. c4 h5 11. Bg5 Qb6 12. Qc2 Ng4 (12... Nd7 $11 13. Be3 Qb7) 13. Bxe7 $14 Kxe7 14. c5 (14. Nc3 $14 {is superior.}) 14... Qxc5 $11 15. Qxc5 dxc5 16. Na3 Be6 17. Rec1 Rhb8 18. b3 {[%emt 0:00:54] [#]} (18. h3 $11 {keeps the balance.} Nf6 19. Rxc5) 18... a5 $1 $17 19. Rxc5 a4 20. b4 Rxb4 21. h3 Nf6 {[%emt 0:00:07] Black is more active.} 22. Rxe5 Rd8 {[%emt 0:00:01] White must now prevent ...Rd2.} 23. f4 $2 {[%emt 0:02:30][%mdl 8192] [#] Now White is beyond hope.} (23. Ra5 $1 $15) 23... Rd3 $19 24. Nc2 Rb2 25. Ne1 Rxg3 26. f5 Nd7 27. Ra5 Bxa2 {[%emt 0:00:12] And now ...Bb3 would win.} 28. Rxa4 Bb1 29. Rd4 $2 (29. R4a3 Rg5 30. Re3) 29... c5 30. Rd1 Bxe4 31. Ra7 Bb7 ({Worse is} 31... Rbxg2+ 32. Nxg2 Bxf5 33. Kf2 $15) 32. Kf1 Rgxg2 ({Wrong is} 32... Bxg2+ $2 33. Nxg2 Rbxg2 34. Rdxd7+ Kf6 35. Rxf7+ Ke5 36. h4 $19) 33. Nxg2 $2 (33. Rxd7+ Kxd7 34. Nxg2) 33... Bxg2+ {[%emt 0:00:01] Black is clearly winning.} 34. Kg1 Bc6 35. Rc7 Rb6 36. Rc8 c4 37. Re1+ {[%emt 0:00:38] Weighted Error Value: White=0.58/Black=0.26 (precise)} 0-1

[Event "Slovakia Open 2022"]
[Site "Bratislava"]
[Date "2022.10.01"]
[Round "6.11"]
[White "Roshka, Yevgeniy"]
[Black "Mandak, Miroslav"]
[Result "1-0"]
[ECO "A90"]
[WhiteElo "2497"]
[BlackElo "1864"]
[Annotator "TA"]
[PlyCount "53"]
[EventDate "2022.09.30"]
[EventCountry "SVK"]
[SourceTitle "playchess.com"]
[Source "ChessBase"]
[SourceQuality "1"]
[TimeControl "2700+10"]

1. d4 e6 2. c4 f5 3. g3 Nf6 4. Bg2 c6 5. Nh3 Bb4+ 6. Nd2 {[%emt 0:01:35] A90: Dutch Defence: Miscellaneous and Modern Stonewall (with ...Bd6).} O-O {[%emt 0:01:37] [#]} 7. c5 $146 ({Predecessor:} 7. Nf4 d6 8. Nd3 Bxd2+ 9. Bxd2 Nbd7 10. Bb4 Qe7 11. O-O c5 12. dxc5 dxc5 13. Ba3 a5 {½-½ (25) Stopa,J (2528)-Moosavian,S (2342) Sowme'eh Sara 2015}) 7... d5 8. cxd6 {[%emt 0:01:29] White is slightly better.} Qxd6 9. a3 Bxd2+ 10. Qxd2 Rd8 11. e3 Bd7 12. O-O Be8 13. Qc2 Bf7 14. Bd2 Nbd7 15. Nf4 a5 16. b4 axb4 17. Bxb4 Qb8 18. Rab1 Qa7 19. Rfc1 {[%emt 0:03:19] White has more active pieces.} g5 (19... Ne4 $142) 20. Nd3 $16 Nd5 (20... Ne4 {is a better defense.} 21. Bxe4 fxe4) 21. Bxd5 $18 cxd5 22. Be7 Re8 23. Bxg5 Nb6 $2 (23... b6 24. Qc6 Rab8) 24. Qc7 {[%emt 0:00:24] [#] Hoping for Ne5. White is clearly winning.} Rec8 25. Qxb6 {[%emt 0:00:07] Rxc8+ would kill now.} Rxc1+ 26. Nxc1 Qxa3 27. Qxb7 {[%emt 0:00:07] Weighted Error Value: White=0.04 (flawless) /Black=0.35} 1-0

[Event "Slovakia Open 2022"]
[Site "Bratislava"]
[Date "2022.10.01"]
[Round "6.12"]
[White "Hnatyshyn, Anastasiia"]
[Black "Klabis, Rokas"]
[Result "1/2-1/2"]
[ECO "C60"]
[WhiteElo "2087"]
[BlackElo "2396"]
[Annotator "TA"]
[PlyCount "143"]
[EventDate "2022.09.30"]
[EventCountry "SVK"]
[SourceTitle "playchess.com"]
[Source "ChessBase"]
[SourceQuality "1"]
[TimeControl "2700+10"]

1. e4 e5 2. Nf3 Nc6 3. Bb5 Nge7 4. O-O g6 5. c3 Bg7 6. d4 exd4 7. cxd4 ({Much weaker is} 7. Nxd4 Nxd4 8. cxd4 O-O $15) 7... a6 $1 {[%emt 0:00:02][%mdl 4] is now more promising than 7...d5. C60: Ruy Lopez: Unusual Black 3rd moves and 3...g6.} 8. Bc4 O-O 9. Nc3 (9. d5 $5 Na5 10. Bd3 $11) 9... b5 {[%emt 0:00:03] White has an edge.} 10. Bb3 (10. Bd5 $5) 10... Na5 11. Bc2 (11. Bg5 {is more complex.} h6 12. Bxe7 Qxe7 13. Nd5) 11... d6 12. h3 h6 (12... c5 $11 {should be considered.}) 13. a4 b4 14. Ne2 c5 15. Be3 (15. Bf4 $5 ) 15... Nc4 {[%emt 0:03:43] [#]} 16. Bb3 $146 ({Predecessor:} 16. Bc1 Bb7 17. b3 Nb6 18. Nd2 cxd4 19. Bd3 Nc6 20. Bb2 Ne5 21. Nc4 Nbxc4 22. Bxc4 Nxc4 23. bxc4 {0-1 (32) Maksutov,S (2136)-Megalios,K (2401) Chess.com INT 2020}) 16... Nxe3 17. fxe3 Bb7 18. Qd3 a5 19. Rac1 Ba6 {[%emt 0:02:18] This bishop pair is nice.} 20. Bc4 Bxc4 21. Rxc4 cxd4 22. Nexd4 d5 23. exd5 Qxd5 24. Rfc1 Rac8 25. b3 Rxc4 26. Rxc4 Qd6 27. Qd2 Re8 28. e4 {[%emt 0:04:25] Inhibits Nd5.} Rc8 {[%emt 0:01:16] [#]} (28... Qb8 $11) 29. Qd3 (29. Nf5 $1 $14 Qb6+ 30. Qe3 Qxe3+ 31. Nxe3) 29... Rc5 30. Rxc5 Qxc5 31. Qc4 Qxc4 32. bxc4 $11 {[%emt 0:00:03][%mdl 4096] Endgame KBN-KNN} Kf8 33. Kf1 (33. Nb3 $5 ) 33... Ke8 34. Ke2 (34. Nb3 $5 ) 34... Kd7 35. Kd3 (35. Nb3 $5 ) 35... Bxd4 36. Nxd4 {[%emt 0:01:31] KN-KN} Nc6 37. Nb3 Kd6 38. c5+ Ke5 39. Nd2 Kf4 40. Kc4 $2 (40. Nb3 $11) 40... Ke3 $19 41. Nb3 {[%emt 0:00:16][%cal Ob3a5] Threatens to win with Nxa5!} Kxe4 42. Kb5 $2 (42. Nd2+ Ke5 43. Kb5) 42... Kd5 {[%emt 0:00:05] ...f5 is the strong threat.} 43. Kb6 f5 44. Nc1 g5 45. Ne2 f4 46. Nc1 Ne5 {[%emt 0:01:34] aiming for ...h5.} 47. Nb3 Nc6 (47... Nc4+ $142 48. Kb7 h5) 48. Nc1 $1 h5 49. Ne2 Ne5 50. h4 f3 51. gxf3 gxh4 52. f4 Nd7+ 53. Kb5 Nxc5 54. f5 Ne4 55. Kxa5 b3 56. f6 b2 57. f7 b1=Q 58. f8=Q Qe1+ 59. Kb6 Qxe2 60. Qf5+ Kd4 61. Qd7+ Ke3 62. Qh3+ Qf3 63. Qxh4 Qg4 (63... Qf6+ $142 64. Qxf6 Nxf6 65. a5 Nd7+ 66. Kc6 {[#]} h4 $1 67. Kxd7 h3 68. Ke6 h2 69. Kf5 h1=Q 70. a6 Qa8 71. Ke6 Qxa6+ 72. Kd5 Qb6 73. Ke5 Qc6 74. Kf5 Qd6 75. Kg5 Qe6 76. Kh4 Kf4 77. Kh5 Qa6 78. Kh4 Qh6#) 64. Qxg4 (64. Qe1+ $19 Kd3 65. a5 Qe6+ 66. Ka7 Qe7+ 67. Kb6 Qc5+ 68. Ka6) 64... hxg4 {[%emt 0:00:01] KN-KP} 65. a5 Nc3 $2 (65... g3 {mates} 66. a6 Nd6 67. Kc5 Nc8 68. Kc6 g2 69. Kb7 g1=Q 70. Kxc8 Qg7 71. Kb8 Kd4 72. a7 Kc5 73. a8=Q Kb6 74. Qa5+ Kxa5 75. Kc8 Kb6 76. Kd8 Qf7 77. Kc8 Qe8#) 66. a6 $17 Nd5+ (66... g3 $17 67. a7 g2) 67. Kb7 $11 {[%emt 0:00:03] The position is equal.} g3 68. a7 g2 69. a8=Q Kf3 70. Qf8+ Nf4 71. Qg8 Kf2 72. Qxg2+ {[%emt 0:00:06] And White is the lucky defender.  Weighted Error Value: White=0.57/Black=0.25 (precise)} 1/2-1/2

[Event "Slovakia Open 2022"]
[Site "Bratislava"]
[Date "2022.10.01"]
[Round "6.13"]
[White "Panko, Radoslav"]
[Black "Bombek, Peter"]
[Result "1-0"]
[ECO "D00"]
[WhiteElo "1996"]
[BlackElo "2083"]
[Annotator "TA"]
[PlyCount "135"]
[EventDate "2022.09.30"]
[EventCountry "SVK"]
[SourceTitle "playchess.com"]
[Source "ChessBase"]
[SourceQuality "1"]
[TimeControl "2700+10"]

1. d4 d5 2. Bg5 Nf6 3. Bxf6 exf6 4. e3 Bd6 5. Bd3 O-O 6. Nd2 c6 7. Qf3 {[%emt 0:00:14] D00: 1 d4 d5: Unusual lines.} Be6 8. Ne2 Nd7 9. g4 {[%emt 0:00:18] The position is equal.} Re8 10. h4 c5 11. c3 {[%emt 0:00:45] [#]} b5 $146 ({Predecessor:} 11... cxd4 12. Nxd4 Ne5 13. Qe2 Bxg4 14. f3 Nxd3+ 15. Qxd3 Bg3+ 16. Kf1 Bh5 17. f4 Bg6 {0-1 (75) Aydin,H (1809)-Demiroglu,A (1530) Edirne 2013}) 12. dxc5 $2 (12. Bxb5 Rb8 13. Bxd7 Qxd7 14. dxc5 Bxg4 15. Qxd5 Rxe3 $1 $15) (12. a3 $11) 12... Ne5 $19 (12... Nxc5 13. Bxb5 Rb8 14. Nd4 $11 (14. Bxe8 Rxb2 15. Bxf7+ Kxf7 $11)) 13. cxd6 Nxf3+ 14. Nxf3 Bxg4 ({Wrong is} 14... Qxd6 $2 15. Bxb5 Re7 16. Nfd4 $19) 15. Nfd4 a6 (15... Qxd6 $2 16. Bxb5 Reb8 17. b3 $19) 16. O-O-O b4 17. Nc6 Qxd6 18. Nxb4 Kh8 19. Rdg1 (19. Nc2 $142) 19... a5 20. Nc2 Bxe2 21. Bxe2 Rab8 {[%emt 0:00:35] Threatens to win with ...Qb6.} 22. Rg4 f5 23. Rd4 Qb6 24. b3 Rec8 25. Kd2 (25. Rhd1 $142) 25... Qc5 26. Rd3 a4 27. b4 Qc4 28. a3 Rb6 29. Bf3 Rd6 30. Bg2 f4 31. Bf3 fxe3+ 32. fxe3 Rf6 33. Rh3 h6 34. h5 Rf5 35. Ke2 Qa2 36. Kd2 Rg5 37. Rh1 Re8 38. Ra1 Qc4 39. Rd4 Qc7 40. Be2 Qh2 41. b5 Rb8 42. Rb4 Rg2 43. Nd4 f5 44. Rf1 Rf2 (44... Re8 $142 45. b6 Qe5) 45. Rxf2 Qxf2 46. Rxa4 f4 ({Worse is} 46... Re8 47. Nc2) 47. exf4 Qxf4+ 48. Kc2 Rc8 (48... Qe4+ $19 49. Bd3 Qe1) 49. Rb4 ({White must play} 49. b6 $15 Qg3 50. Bd3 Qf2+ 51. Be2) 49... Qe3 50. Bd3 {[%emt 0:00:20] [#]} Qf2+ (50... Qe1 $1 $19 51. Nc6 Qa1) 51. Be2 ({White has to play} 51. Ne2 $15) 51... Qe1 (51... g6 $17 {...gxh5 is the strong threat.} 52. hxg6 Qe3) 52. Rb3 $1 $15 Qa1 ({Black should play} 52... g6 $17 {And now ...Qf2 would win.} 53. b6 gxh5) 53. b6 $11 {[%emt 0:00:23] Black must now prevent b7.} Qa2+ 54. Kd3 Rc4 {[%emt 0:00:09][%cal Oc4d4] Strongly threatening ...Rxd4+!} 55. Bd1 $1 {[%emt 0:00:22] Threatening mate with b7. Really sharp!} Qa1 $1 56. Kd2 Qa2+ $2 (56... Rxd4+ $11 57. cxd4 Qxd4+ 58. Ke2 Qe5+ 59. Kd2 Qd4+ 60. Ke2 Qe5+ 61. Kf1 Qf4+ 62. Ke2 Qe5+) 57. Kd3 $2 (57. Bc2 $18 {b7 would kill now.} Rc8 58. b7) 57... Qa1 $1 58. Kd2 Rxd4+ 59. cxd4 Qxd4+ {[%emt 0:00:02][%mdl 4096] Endgame KQ-KRB} 60. Kc1 {[%emt 0:00:10] Intending b7 and mate.} Qc5+ $2 {[%emt 0:00:19][%mdl 8192] [#]} (60... Qf4+ $11 61. Kc2 Qe4+ 62. Kc1 Qf4+ 63. Kb2 Qd4+ 64. Kc2 Qf2+ 65. Kc3 Qe3+ 66. Kc2 Qf2+ 67. Kd3 Qg3+ 68. Kd2 Qf4+ 69. Ke2 Qg4+ 70. Ke1 Qh4+ 71. Kd2 Qf4+ 72. Ke1 Qh4+ 73. Kf1 Qf4+ 74. Ke2 Qg4+ 75. Ke1 Qh4+) 61. Bc2 $1 Qc8 62. b7 Qb8 63. Bg6 d4 64. a4 d3 65. Rxd3 (65. Kd1 $142 Kg8 66. a5 Kf8 67. a6 Ke7 68. Bxd3 (68. a7 Qh2 $14) 68... Kf6 69. a7 Qxa7 70. b8=Q Qg1+ 71. Kd2 Qg5+ 72. Kc2) 65... Qc7+ 66. Kd1 {[%emt 0:00:12][%cal Oa4a5] White threatens a5! and mate.} Kg8 67. a5 Kf8 68. Rf3+ {[%emt 0:00:16] Quite a comeback for White.  Weighted Error Value: White=0.66/Black=0.21 (precise)} 1-0

[Event "Slovakia Open 2022"]
[Site "Bratislava"]
[Date "2022.10.01"]
[Round "6.14"]
[White "Mizicka, Matus"]
[Black "Merva, Frantisek"]
[Result "0-1"]
[ECO "B00"]
[WhiteElo "1975"]
[BlackElo "1981"]
[Annotator "TA"]
[PlyCount "56"]
[EventDate "2022.09.30"]
[EventCountry "SVK"]
[SourceTitle "playchess.com"]
[Source "ChessBase"]
[SourceQuality "1"]
[TimeControl "2700+10"]

1. e4 b6 2. d3 Bb7 3. Nc3 e6 4. g3 Nf6 5. Bg2 Be7 6. Nge2 {[%emt 0:00:21] B00: Queen's Fianchetto Defence, Nimzowitsch Defence.} d6 7. O-O Nbd7 {[%emt 0:00:08] [#]} 8. f4 $146 {[%emt 0:00:08] White has an edge.} (8. e5 {is interesting.} Nd5 9. Nxd5 Bxd5 10. Bxd5 exd5 11. e6) ({Predecessor:} 8. h3 O-O 9. Be3 c5 10. g4 Ne5 11. Ng3 Ng6 12. f4 Nd7 13. f5 exf5 14. Nxf5 {0-1 (54) Petrenko,M (1666)-Ledovskih,V (1801) Omsk 2013}) 8... a6 9. h3 Qc8 10. f5 (10. a4 $14) 10... e5 $11 11. g4 h6 12. Ng3 Bc6 13. Nd5 Nxd5 (13... Bxd5 $5 14. exd5 O-O $14) 14. exd5 Bb7 15. c4 c6 16. dxc6 (16. Nh5 $5 ) 16... Bxc6 17. Bxc6 Qxc6 18. Nh5 Bf6 19. Be3 Bg5 (19... O-O $11 {remains equal.}) 20. Bf2 (20. Nxg7+ $16 Kd8 21. Bxg5+ hxg5 22. Nh5) 20... Kf8 ({Black should try} 20... Nf6 $11) 21. Qe2 Qc7 22. Rad1 Re8 23. Nf6 $2 {[%emt 0:00:10][%mdl 8192] [#] White does not recover from this.} gxf6 {[%emt 0:01:33] Black is clearly winning.} 24. b4 h5 25. c5 (25. gxh5 $142 b5 26. Rfe1) 25... bxc5 $19 26. bxc5 dxc5 {[%emt 0:00:10] [#] aiming for ...hxg4.} 27. Rb1 Rc8 28. Bxc5+ Kg7 {[%emt 0:00:05] Weighted Error Value: White=0.97/Black=0.41} 0-1